Cogmind - Beta 10.1 --- EXPLORER MODE // 2020.10.14 @ 20:58:46 Player: Luigi Panache Result: Destroyed by P-80 Master with Gamma Rifle Performance ------------- Evolutions (8) 4000 Regions Visited (17) 3400 Robots Destroyed (273) 1365 Value Destroyed (11864) 11864 Prototype IDs (19) 380 Alien Tech Used (0) 0 Bonus (2457) 2457 TOTAL SCORE: 23466 Bonus ------- High Alert Combat Kills 1261 Follower Combat Kills 1196 Cogmind --------- Core Integrity 0/1450 Matter 269/300 Energy 99/100 System Corruption 48% Temperature Cool (0) Movement Core (50) Location -2/Research Parts ------- > --- POWER (2) -------- (None) > --- PROPULSION (7) --- (None) > --- UTILITY (11) ----- (None) > --- WEAPON (4) ------- (None) > --- INVENTORY (4) ---- Light Antimatter Reactor Electrolaser Long-range Proton Cannon Nova Cannon Peak State ------------ > --- POWER ------------ Graviton Reactor Graviton Reactor > --- PROPULSION ------- Enhanced Armored Medium Treads Advanced Heavy Treads Advanced Heavy Treads Advanced Heavy Siege Treads > --- UTILITY ---------- Advanced Heat Sink Advanced Heat Sink Advanced Heat Sink Advanced Heat Sink Medium Storage Unit Medium Storage Unit Long-range Sensor Array Advanced Target Analyzer Advanced Target Analyzer Improved Armor Integrity Analyzer Advanced Force Field > --- WEAPON ----------- Heavy Disruptor Cannon Fusion Bomb Launcher Fusion Bomb Launcher > --- INVENTORY -------- Micro Fission Core Particle Reactor Biometal Medium Treads Biometal Medium Treads Improved Arc Projector Electrolaser Long-range Proton Cannon HERF Cannon Nova Cannon Nova Cannon Railgun Improved Remote Datajack [Rating: 167] Favorites ----------- Power Micro Fission Core Engine Improved Ion Engine Power Core Micro Fission Core Reactor Graviton Reactor Propulsion Light Treads Treads Light Treads Leg Carbon-fiber Leg Wheel Wheel Hover Unit Antigrav System Flight Unit VTOL Module Utility Medium Storage Unit Device Advanced Heat Sink Storage Medium Storage Unit Processor Improved Target Analyzer Hackware System Shield Protection Improved Medium Armor Plating Weapon Cooled Plasma Cannon Energy Gun Heavy Laser Energy Cannon Cooled Plasma Cannon Ballistic Gun Assault Rifle Ballistic Cannon Heavy Gauss Cannon Launcher Fusion Bomb Launcher Piercing Weapon Lance Build | -11 -10 -10 -9 -9 -8 -7 -6 -6 -6 -6 -6 -5 -4 -4 -4 -3 -2 ------- Run | Scr Mat Min Mat Sto Mat Fac Fac Ext Cet Arc Hub Fac Fac Was Fac Res Res Slots Evolved 17 | . 1 . 2 . 2 2 2 . . . . 2 2 . . 2 2 Power 1 | . . . . . . . 1 . . . . . . . . . . Propulsion 5 | . . . 2 . 1 . . . . . . . 1 . . . 1 Utility 9 | . 1 . . . 1 2 1 . . . . 1 1 . . 2 . Weapon 2 | . . . . . . . . . . . . 1 . . . . 1 Parts Attached 217 | 7 4 2 13 17 10 5 5 6 3 6 35 6 16 11 14 24 33 Power 28 | 1 1 . . 3 1 . 1 2 . . 4 1 1 3 2 5 3 Engine 9 | 1 1 . . 3 . . 1 . . . 3 . . . . . . Core 9 | . . . . . 1 . . 2 . . 1 1 . . 1 3 . Reactor 10 | . . . . . . . . . . . . . 1 3 1 2 3 Propulsion 65 | 2 1 . 8 6 1 1 3 4 1 2 16 1 4 1 4 2 8 Treads 45 | . . . 1 6 1 1 3 1 1 2 11 1 3 1 4 2 7 Leg 3 | . . . . . . . . . . . 3 . . . . . . Wheel 8 | 2 1 . 3 . . . . . . . 2 . . . . . . Hover 1 | . . . . . . . . . . . . . 1 . . . . Flight 8 | . . . 4 . . . . 3 . . . . . . . . 1 Utility 63 | 2 2 1 3 4 5 4 1 . . 4 4 3 6 1 3 10 10 Device 30 | 1 . 1 3 2 2 3 . . . 1 1 2 2 . 3 6 3 Storage 14 | 1 2 . . 2 3 . . . . 1 . . 3 1 . . 1 Processor 6 | . . . . . . . . . . . . . 1 . . 4 1 Hackware 1 | . . . . . . . 1 . . . . . . . . . . Protection 12 | . . . . . . 1 . . . 2 3 1 . . . . 5 Artifact . | . . . . . . . . . . . . . . . . . . Weapon 61 | 2 . 1 2 4 3 . . . 2 . 11 1 5 6 5 7 12 Energy Gun 13 | 1 . . . 1 1 . . . . . 3 . 4 . . 2 1 Energy Cannon 13 | . . . 2 1 2 . . . . . 2 1 . . . 2 3 Ballistic Gun 15 | 1 . 1 . 2 . . . . . . 3 . 1 . 2 1 4 Ballistic Cannon 2 | . . . . . . . . . . . . . . . . 1 1 Launcher 14 | . . . . . . . . . 2 . 3 . . 3 2 1 3 Special Weapon . | . . . . . . . . . . . . . . . . . . Impact Weapon . | . . . . . . . . . . . . . . . . . . Slashing Weapon . | . . . . . . . . . . . . . . . . . . Piercing Weapon 4 | . . . . . . . . . . . . . . 3 1 . . Special Melee Weapon . | . . . . . . . . . . . . . . . . . . Unidentified Prototypes 10 | . . 1 . 1 1 . . . 1 . . . . . . 2 4 Parts Lost 104 | . 2 . 6 4 . . 1 3 1 1 29 . 4 6 8 8 31 Power 16 | . . . . 2 . . . 1 . . 5 . 1 2 1 1 3 Propulsion 30 | . 1 . 4 1 . . . 2 . 1 10 . . 1 2 2 6 Utility 31 | . . . . . . . . . 1 . 8 . 1 3 2 3 13 Weapon 27 | . 1 . 2 1 . . 1 . . . 6 . 2 . 3 2 9 Highest Loss Streak 14 | . 2 . 3 2 . . 1 2 1 1 13 . 3 5 7 2 14 Average Slot Usage (%) 84 | . 91 96 91 95 99 99 91 91 83 88 71 77 86 63 57 81 65 Engine 4 | . 12 12 10 9 3 . 4 4 . . 3 5 4 . . . . Core 3 | . . . . . 4 7 6 6 12 12 4 4 5 5 7 3 . Reactor 1 | . . . . . . . . . . . . . . 2 2 4 6 Treads 18 | . . . . 39 41 35 31 18 14 14 13 21 16 14 15 19 13 Wheel 4 | . 23 25 14 . . . . . . . 3 5 1 . . . . Flight 2 | . . . 19 . . . . 11 6 5 . . . . . . . Device 14 | . 12 12 8 9 16 21 25 25 18 20 8 8 11 11 7 22 13 Storage 15 | . 25 25 20 19 16 14 12 12 12 12 12 11 25 14 10 9 7 Processor 2 | . . . . . . . . . . . . . 3 5 5 6 9 Protection 1 | . . . . . . 6 . . . 2 8 4 2 . . . 1 Energy Gun 1 | . 5 . . 1 . . . . . . 2 5 7 3 . 2 . Energy Cannon 4 | . . . 11 8 13 14 9 6 . . 1 4 2 . . 2 3 Ballistic Gun 4 | . 12 21 5 6 2 . . . . . 3 . . . 2 3 2 Launcher 2 | . . . . . . . . . 11 12 3 5 4 6 8 . 3 Naked Turns 94 | . . . . . . . . . . . . . . . . . 94 Heaviest Build 121 | 18 24 23 28 38 46 51 56 53 57 70 78 71 95 102 59 104 121 Greatest Support 265 | 20 26 26 46 83 103 105 113 113 130 152 164 109 225 225 225 189 265 Greatest Overweight (x) 13 | 4 2 . 9 1 . . . 9 1 . 13 . . . . 1 1 Average Overweight (x) . | . . . . . . . . . . . . . . . . . . Largest Inventory Capacity 28 | 8 10 10 10 12 18 14 14 14 14 16 16 16 28 28 12 12 14 Average Capacity 13 | 7 10 10 10 9 12 14 14 14 14 14 16 16 27 16 12 12 12 Most Carried 22 | 7 10 10 10 10 14 14 14 14 14 16 15 15 21 22 12 12 13 Average Carried 11 | 3 9 10 7 9 10 13 13 13 13 13 11 13 16 13 9 10 10 Final Capacity 28 | 8 10 10 10 12 14 14 14 14 14 16 16 16 28 12 12 12 4 Final Carried 21 | 7 10 10 6 10 14 14 13 14 13 14 12 15 21 10 5 9 4 Class Distribution -------------------- 54% | Hacker-Mutant 24% | Scavenger-Mutant 8% | Hauler-Mutant 4% | Hacker-Tank 3% | Scavenger-Gunner Dominant Class ---------------- Hacker-Mutant | -10/Materials Hacker-Mutant | -10/Mines Hacker-Mutant | -9/Materials Hacker-Mutant | -9/Storage Scavenger-Mutant | -8/Materials Scavenger-Mutant | -7/Factory Hacker-Mutant | -6/Factory Hacker-Mutant | -6/Extension Hacker-Mutant | -6/Cetus Hacker-Mutant | -6/Archives Scavenger-Mutant | -6/Hub_04(d) Hacker-Tank | -5/Factory Hauler-Mutant | -4/Factory Hacker-Mutant | -4/Waste Hacker-Mutant | -4/Factory Hacker-Tank | -3/Research Scavenger-Mutant | -2/Research Resources | -11 -10 -10 -9 -9 -8 -7 -6 -6 -6 -6 -6 -5 -4 -4 -4 -3 -2 ----------- Run | Scr Mat Min Mat Sto Mat Fac Fac Ext Cet Arc Hub Fac Fac Was Fac Res Res Matter Collected 5886 | 303 90 109 218 216 90 60 55 55 134 190 785 40 338 466 486 975 1276 Remotely . | . . . . . . . . . . . . . . . . . . Salvage Created 12630 | 220 273 128 494 765 397 167 184 535 510 357 1819 . 938 1266 682 1586 2309 Parts 544 | 13 16 6 30 46 17 4 13 32 33 16 110 . 40 3 26 74 65 Haulers Intercepted 8 | . . . 1 4 . . . . . . 1 . . . . . 2 Recyclers Shooed 7 | 1 . . 1 . . . . 1 . . . . 2 . . 2 . Parts Field Recycled . | . . . . . . . . . . . . . . . . . . Retrieved Matter . | . . . . . . . . . . . . . . . . . . Parts Self-Destructed . | . . . . . . . . . . . . . . . . . . Prevented . | . . . . . . . . . . . . . . . . . . Kills | -11 -10 -10 -9 -9 -8 -7 -6 -6 -6 -6 -6 -5 -4 -4 -4 -3 -2 ------- Run | Scr Mat Min Mat Sto Mat Fac Fac Ext Cet Arc Hub Fac Fac Was Fac Res Res Combat Hostiles Destroyed 197 | . 5 4 14 17 7 3 3 8 9 4 28 . 17 6 15 20 37 Melee 1 | . . . . . . . . . . . . . . 1 . . . Guns 61 | . 5 4 8 7 . . . . . . 18 . 7 . 1 4 7 Cannons 72 | . . . 6 10 7 3 3 8 . . 5 . 4 . . 13 13 AOE 50 | . . . . . . . . . 5 2 5 . 4 5 12 3 14 Classes Destroyed 17 | 3 2 1 3 . 3 1 . 1 . . 1 . . 1 . . 1 Worker 22 | 2 . 1 . . . . . . . . 14 . 1 . . . 4 Builder 18 | . . . . . 1 . . . . . 9 . 2 . 1 3 2 Tunneler 6 | 3 . . . . . . . . . . 1 . . . . 2 . Hauler 8 | . . . 1 4 . . . . . . 1 . . . . . 2 Recycler 7 | 1 . . . . . . . . . . 1 . . . . 3 2 Operator 2 | . . . . . 1 . . . . 1 . . . . . . . Watcher 13 | . 2 . 1 1 . . . . 1 . 3 . . . . 4 1 Swarmer 42 | . . 2 8 9 . . . . 4 . 5 . 3 . 4 2 5 Grunt 67 | . 5 2 3 3 5 1 . 4 . . 13 . 4 . 8 6 13 Brawler 4 | . . . 1 . . . . . . . . . . . . . 3 Duelist 1 | . . . . . . 1 . . . . . . . . . . . Protector 1 | . . . . . . . . . . . . . . . . . 1 Sentry 26 | . . . 2 5 . 1 . . . 4 4 . 4 . 1 1 4 Hunter 22 | . . . . . 2 . 3 2 2 . 3 . 2 . 1 4 3 Programmer 20 | . . . . . . . . . . . 2 . 4 . . 7 7 Behemoth 5 | . . . . . . . . 2 . . 1 . . . 1 . 1 Compactor 6 | . . . . . . . . . . . . . . 6 . . . Cetus Guard 3 | . . . . . . . . . 3 . . . . . . . . Best Kill Streak 14 | 4 4 2 3 13 5 2 2 4 5 3 14 . 5 2 5 10 11 Combat Bots Only 10 | . 2 2 3 10 5 2 2 4 5 2 6 . 4 2 5 4 6 Max Kills in Single Turn 4 | 1 1 1 1 1 2 1 1 1 2 1 4 . 2 2 3 4 4 Gunslinging 1 | . . . . . . . . . . . 1 . . . . . . Exploded 3 | . . . . . . . . . 2 1 1 . 1 2 3 2 2 Melee 1 | . . . . . . . . . . . . . . 1 . . . Uniques/NPCs Destroyed . | . . . . . . . . . . . . . . . . . . Combat | -11 -10 -10 -9 -9 -8 -7 -6 -6 -6 -6 -6 -5 -4 -4 -4 -3 -2 -------- Run | Scr Mat Min Mat Sto Mat Fac Fac Ext Cet Arc Hub Fac Fac Was Fac Res Res Damage Taken 20576 | . 166 82 586 759 224 159 338 343 351 263 3552 . 1522 428 1324 1588 8891 Core 2694 | . 22 6 147 31 21 20 105 61 29 . 404 . 104 29 131 126 1458 Absorbed by Shields 839 | . . . . . . . . 17 . . . . . . . 772 50 Core Remaining (%) 81 | 100 . 88 . 55 96 97 . . . . 29 100 . . 77 90 . Volleys Fired 646 | 11 32 13 53 47 19 10 12 34 16 16 91 . 56 25 46 78 87 Largest 4 | 2 2 2 2 2 2 2 1 1 2 2 2 . 3 2 2 3 4 Hottest 241 | 70 70 40 136 136 115 115 105 105 79 79 124 . 198 146 72 241 214 Shots Fired 1052 | 22 37 23 91 72 38 19 12 34 17 19 136 . 98 27 50 204 153 Gun 491 | 22 37 23 63 27 . . . . . . 90 . 74 4 2 100 49 Cannon 370 | . . . 28 45 38 19 12 34 . . 20 . 17 . . 98 59 Launcher 191 | . . . . . . . . . 17 19 26 . 7 23 48 6 45 Special . | . . . . . . . . . . . . . . . . . . Kinetic 366 | 11 32 23 63 14 . . . . . . 63 . 20 . 2 92 46 Thermal 379 | 11 5 . 28 45 38 19 12 34 . . 47 . 67 2 . 59 12 Explosive 124 | . . . . . . . . . 1 3 20 . 7 23 19 6 45 Electromagnetic 183 | . . . . 13 . . . . 16 16 6 . 4 2 29 47 50 Robot Hit Streak 75 | 12 14 23 25 15 9 22 7 23 16 10 28 . 47 20 62 75 36 Robot Miss Streak 3 | 2 3 . 2 2 1 1 1 1 1 1 1 . 2 1 . 1 1 Penetration Max 1 | . . . . . . . . . . . 1 . 1 . . 1 . Secondary Targets 9 | . . . 1 . . . . . . . 8 . . . . . . Max Gunslinging Chain 1 | . . . 1 . . . . . . . 1 . . . . . . Shots Hit Robots 861 | 15 28 21 75 55 31 17 10 31 10 11 115 . 84 33 42 165 118 Core Hits 572 | 7 16 9 28 29 12 5 6 15 15 16 126 . 48 12 33 75 120 Critical Hits 37 | . . . 1 . . . . . . . 4 . 4 1 1 16 10 Critical Kills 16 | . . . . . . . . . . . 1 . 2 1 1 4 7 Critical Parts Destroyed 21 | . . . 1 . . . . . . . 3 . 2 . . 12 3 Melee Attacks 9 | . . . . . . . . . . . . . . 9 . . . Impact . | . . . . . . . . . . . . . . . . . . Slashing . | . . . . . . . . . . . . . . . . . . Piercing 9 | . . . . . . . . . . . . . . 9 . . . Sneak Attacks . | . . . . . . . . . . . . . . . . . . Combat Hostiles . | . . . . . . . . . . . . . . . . . . Follow-up Attacks . | . . . . . . . . . . . . . . . . . . Damage Inflicted 37957 | 180 348 242 999 1046 957 508 396 1493 907 801 5780 . 2936 3028 2990 5990 9356 Guns 7376 | 180 348 242 614 410 . . . . . . 1928 . 1486 50 26 1201 891 Cannons 10870 | . . . 371 633 957 508 396 1493 . . 1002 . 338 . . 3418 1754 Explosions 19511 | . . . . . . . . . 907 801 2850 . 1112 2826 2964 1371 6680 Melee 152 | . . . . . . . . . . . . . . 152 . . . Ramming 48 | . . . 14 3 . . . . . . . . . . . . 31 Kinetic 6354 | 69 288 242 614 238 . . . . . . 1488 . 378 . 26 2196 815 Thermal 10602 | 111 60 . 371 633 957 508 396 1493 56 . 1672 . 1534 48 98 2123 542 Explosive 15984 | . . . . . . . . . 89 135 2182 . 913 2826 2016 1288 6535 Electromagnetic 4817 | . . . . 172 . . . . 762 666 438 . 111 2 850 383 1433 Impact . | . . . . . . . . . . . . . . . . . . Slashing . | . . . . . . . . . . . . . . . . . . Piercing 152 | . . . . . . . . . . . . . . 152 . . . Highest Corruption 48 | . . . . 4 1 . 1 2 2 2 3 . . 14 14 6 48 Average Corruption 6 | . . . . 1 1 . 1 1 2 2 2 . . 8 14 4 17 Corruption Purged . | . . . . . . . . . . . . . . . . . . Effects 167 | . . . . 3 . . 1 2 3 4 18 . . 14 25 11 86 Message Errors 31 | . . . . 1 . . 1 . 3 . 4 . . 1 6 3 12 Matter Fused 20 | . . . . . . . . . . . 3 . . 7 4 . 6 Heat Flow Errors 11 | . . . . . . . . . . 1 4 . . . 2 . 4 Energy Discharges 11 | . . . . 1 . . . . . . 1 . . 1 3 . 5 Parts Rejected 3 | . . . . . . . . . . . . . . . . 1 2 Data Loss (minor) 13 | . . . . 1 . . . 2 . 2 2 . . . 2 . 4 Data Loss (major) 3 | . . . . . . . . . . . . . . 1 1 . 1 Misfires 3 | . . . . . . . . . . . . . . . . . 3 Misdirections 18 | . . . . . . . . . . . . . . 1 2 . 15 Targeting Errors 49 | . . . . . . . . . . 1 4 . . 3 5 7 29 Weapon Failures 5 | . . . . . . . . . . . . . . . . . 5 Overload Shots 30 | . . . . . . . 2 15 . . 13 . . . . . . Effects 2 | . . . . . . . . . . . 2 . . . . . . Heat Surge 2 | . . . . . . . . . . . 2 . . . . . . Overflow Damage 1187 | . . . 1 3 50 6 1 97 4 32 67 . 1 6 47 408 464 Projectiles 373 | . . . 1 3 50 6 1 97 . . 23 . . . . 183 9 Explosions 814 | . . . . . . . . . 4 32 44 . 1 6 47 225 455 Melee . | . . . . . . . . . . . . . . . . . . Knockbacks 13 | . . . . . . . . . . . . . . . . 13 . Impact . | . . . . . . . . . . . . . . . . . . Kinetic 11 | . . . . . . . . . . . . . . . . 11 . Secondary 2 | . . . . . . . . . . . . . . . . 2 . Self-Inflicted Damage 316 | . . . 6 . . . . . . . 9 . . 57 41 61 142 Shots 17 | . . . . . . . . . . . 2 . . 7 1 1 6 Rammed 10 | . . . 4 1 . . . 1 . . . . . . . . 4 Targets Rammed 10 | . . . 4 1 . . . 1 . . . . . . . . 4 Kicked . | . . . . . . . . . . . . . . . . . . Crushed . | . . . . . . . . . . . . . . . . . . Highest Temperature 424 | 27 84 17 405 338 90 . . 1 . 102 379 . 424 170 198 167 219 Average Temperature 110 | 11 35 5 171 138 33 . . 1 . 67 125 . 151 77 37 57 71 Received Heat Transfer 4126 | . 114 57 210 183 72 72 . 96 . 36 1599 . 150 . 267 199 1071 Effects 17 | . . . 3 8 . . . . . . . . 6 . . . . Shutdowns 2 | . . . 1 1 . . . . . . . . . . . . . Energy Bleed 7 | . . . 2 1 . . . . . . . . 4 . . . . Interference 6 | . . . . 6 . . . . . . . . . . . . . Matter Decay 1 | . . . . . . . . . . . . . 1 . . . . Damage (minor) 1 | . . . . . . . . . . . . . 1 . . . . Siege Activations . | . . . . . . . . . . . . . . . . . . Robots Corrupted 13 | . . . . . . . . . 4 3 . . 1 . 2 . 3 Combat Hostiles 12 | . . . . . . . . . 4 2 . . 1 . 2 . 3 Parts Fried 33 | . . . . 1 . . . 2 3 8 2 . . . 9 . 8 Impact Corruptions 1 | . . . . . . . . . . . . . . . . 1 . Robots Melted 1 | . . . . . . . . . . . . . 1 . . . . Combat Hostiles 1 | . . . . . . . . . . . . . 1 . . . . Parts Melted 30 | 1 . . . 4 2 4 2 3 . . 4 . 7 . . 2 1 Heat Transferred 14651 | 333 185 . 666 1147 1650 850 560 1940 100 . 2387 . 2302 74 50 1900 507 Parts Sabotaged . | . . . . . . . . . . . . . . . . . . Parts Stolen . | . . . . . . . . . . . . . . . . . . Parts Stripped . | . . . . . . . . . . . . . . . . . . Power Chain Reactions 7 | . . . . . . . . . 1 . 3 . . . 1 1 1 Missiles Intercepted . | . . . . . . . . . . . . . . . . . . Alert | -11 -10 -10 -9 -9 -8 -7 -6 -6 -6 -6 -6 -5 -4 -4 -4 -3 -2 ------- Run | Scr Mat Min Mat Sto Mat Fac Fac Ext Cet Arc Hub Fac Fac Was Fac Res Res Peak Influence 1282 | 30 181 55 281 461 167 96 146 291 314 222 536 83 472 133 401 378 1282 Initial 87 | . 14 . 14 25 35 . 34 . 46 87 52 83 29 41 . 39 77 Average 200 | 13 65 25 78 149 75 31 100 79 190 207 315 83 266 89 221 146 655 Maximum Alert Level 4 | . . . 1 2 . . . 1 1 1 2 . 2 . 2 1 4 Low Security (%) 66 | 100 100 100 80 68 100 100 100 89 54 18 17 100 45 100 40 68 28 Level 1 20 | . . . 19 27 . . . 10 45 81 52 . 26 . 53 31 11 Level 2 5 | . . . . 3 . . . . . . 29 . 27 . 6 . 4 Level 3 4 | . . . . . . . . . . . . . . . . . 39 Level 4 2 | . . . . . . . . . . . . . . . . . 16 Level 5 . | . . . . . . . . . . . . . . . . . . High Security . | . . . . . . . . . . . . . . . . . . Max Security . | . . . . . . . . . . . . . . . . . . Squads Dispatched 42 | . . . . 7 3 . 1 4 . . 10 . 3 . 2 3 9 Investigation 6 | . . . . . 1 . 1 1 . . . . 1 . 1 . 1 Extermination 8 | . . . . . . . . . . . 1 . 2 . . 2 3 Reinforcement 16 | . . . . 3 2 . . 3 . . 5 . . . . 1 2 Assault 3 | . . . . . . . . . . . . . . . . . 3 Garrison 9 | . . . . 4 . . . . . . 4 . . . 1 . . Intercept . | . . . . . . . . . . . . . . . . . . Construction Impeded 4 | . . . . . . . . 1 . . 2 . . . . . 1 Haulers Reinforced 3 | . . . . . . . . . . . 1 . . . . 1 1 Stealth | -11 -10 -10 -9 -9 -8 -7 -6 -6 -6 -6 -6 -5 -4 -4 -4 -3 -2 --------- Run | Scr Mat Min Mat Sto Mat Fac Fac Ext Cet Arc Hub Fac Fac Was Fac Res Res Distress Signals 19 | . . . . 6 . . . 3 1 . 1 . 2 . . 2 4 Communications Jammed . | . . . . . . . . . . . . . . . . . . Distress Signals . | . . . . . . . . . . . . . . . . . . Times Spotted 326 | . 11 4 18 37 12 3 3 32 11 16 42 . 26 6 14 32 59 Peak Tracking Total 12 | . 2 2 6 7 4 1 2 5 5 1 9 . 5 2 4 6 12 Tactical Retreats 12 | . 1 . 2 . . . . . 1 . 2 . 1 . 1 1 3 Traps | -11 -10 -10 -9 -9 -8 -7 -6 -6 -6 -6 -6 -5 -4 -4 -4 -3 -2 ------- Run | Scr Mat Min Mat Sto Mat Fac Fac Ext Cet Arc Hub Fac Fac Was Fac Res Res Traps Triggered 10 | . 2 . . 3 . . 1 1 . . . . 1 . . . 2 Indirectly . | . . . . . . . . . . . . . . . . . . Trap Hack Attempts . | . . . . . . . . . . . . . . . . . . Triggered . | . . . . . . . . . . . . . . . . . . Disarmed . | . . . . . . . . . . . . . . . . . . Reprogrammed . | . . . . . . . . . . . . . . . . . . Reused . | . . . . . . . . . . . . . . . . . . Traps Extracted . | . . . . . . . . . . . . . . . . . . Installed . | . . . . . . . . . . . . . . . . . . Triggered . | . . . . . . . . . . . . . . . . . . Machines | -11 -10 -10 -9 -9 -8 -7 -6 -6 -6 -6 -6 -5 -4 -4 -4 -3 -2 ---------- Run | Scr Mat Min Mat Sto Mat Fac Fac Ext Cet Arc Hub Fac Fac Was Fac Res Res Machines Disabled 47 | . . . . 2 1 . . 2 2 6 8 . 7 . 13 . 6 Max in Single Turn 6 | . . . . 1 1 . . . 1 1 2 . 6 . 4 . 2 Garrison Access 3 | . . . . 1 . . . . . . . . . . 1 1 . Machines Sabotaged . | . . . . . . . . . . . . . . . . . . Garrisons Compromised . | . . . . . . . . . . . . . . . . . . Overloaded Fab Kills . | . . . . . . . . . . . . . . . . . . Fab Network Shutdowns . | . . . . . . . . . . . . . . . . . . Hacking | -11 -10 -10 -9 -9 -8 -7 -6 -6 -6 -6 -6 -5 -4 -4 -4 -3 -2 --------- Run | Scr Mat Min Mat Sto Mat Fac Fac Ext Cet Arc Hub Fac Fac Was Fac Res Res Machines Accessed 58 | . 7 . 6 12 3 3 2 10 1 . 2 1 3 . 2 2 4 Terminals 38 | . 7 . 5 7 3 . 2 9 1 . 2 . . . 1 . 1 Fabricators 3 | . . . . . . . . . . . . 1 1 . . . 1 Repair Stations 8 | . . . 1 2 . 1 . . . . . . 2 . . 1 1 Recycling Units 4 | . . . . 2 . 1 . 1 . . . . . . . . . Scanalyzers 2 | . . . . . . 1 . . . . . . . . . . 1 Garrison Access 3 | . . . . 1 . . . . . . . . . . 1 1 . Total Hacks 157 | . 23 . 21 26 12 4 4 32 2 . 5 1 7 . 5 4 11 Successful 100 | . 13 . 17 14 9 3 2 22 . . 2 . 3 . 3 3 9 Failed 57 | . 10 . 4 12 3 1 2 10 2 . 3 1 4 . 2 1 2 Catastrophic 8 | . 1 . . 3 . . 1 1 . . 1 . . . 1 . . Database Lockouts . | . . . . . . . . . . . . . . . . . . Manual 98 | . 18 . 17 16 11 . 3 21 3 . 5 . . . 2 . 2 Terminals 117 | . 23 . 17 18 12 . 4 31 2 . 5 . . . 3 . 2 Fabricators 4 | . . . . . . . . . . . . 1 2 . . . 1 Repair Stations 20 | . . . 4 4 . 2 . . . . . . 5 . . 3 2 Recycling Units 5 | . . . . 3 . 1 . 1 . . . . . . . . . Scanalyzers 7 | . . . . . . 1 . . . . . . . . . . 6 Garrison Access 4 | . . . . 1 . . . . . . . . . . 2 1 . Terminal Hacks 50 | . 8 . 8 4 6 . 1 18 . . 1 . . . 2 . 2 Record 2 | . . . . . . . . 1 . . . . . . 1 . . Part Schematic 7 | . 1 . 5 . 1 . . . . . . . . . . . . Prototype ID Bank 7 | . 4 . . . 1 . . 2 . . . . . . . . . Open Door 9 | . . . . 2 . . 1 6 . . . . . . . . . Level Access Points 2 | . 1 . . . . . . 1 . . . . . . . . . Branch Access Points 1 | . 1 . . . . . . . . . . . . . . . . Machine Index 1 | . . . 1 . . . . . . . . . . . . . . Terminal Index 5 | . 1 . 1 . 1 . . 2 . . . . . . . . . Fabricator Index 3 | . . . 1 . 1 . . 1 . . . . . . . . . Unreport Threat 11 | . . . . 2 2 . . 4 . . . . . . 1 . 2 Hauler Manifests 1 | . . . . . . . . 1 . . . . . . . . . Registered Components 1 | . . . . . . . . . . . 1 . . . . . . Fabricator Hacks 1 | . . . . . . . . . . . . . . . . . 1 Build 1 | . . . . . . . . . . . . . . . . . 1 Repair Station Hacks 17 | . . . 4 4 . 2 . . . . . . 3 . . 2 2 Scan Component 9 | . . . 2 2 . 1 . . . . . . 2 . . 1 1 Repair 8 | . . . 2 2 . 1 . . . . . . 1 . . 1 1 Recycling Unit Hacks 5 | . . . . 3 . 1 . 1 . . . . . . . . . Report Inventory 4 | . . . . 2 . 1 . 1 . . . . . . . . . Retrieve Components 1 | . . . . 1 . . . . . . . . . . . . . Scanalyzer 4 | . . . . . . . . . . . . . . . . . 4 Insert Component 2 | . . . . . . . . . . . . . . . . . 2 Analyze 2 | . . . . . . . . . . . . . . . . . 2 Garrison Access Hacks 3 | . . . . 1 . . . . . . . . . . 1 1 . Seal Access 3 | . . . . 1 . . . . . . . . . . 1 1 . Unauthorized Hacks 20 | . 5 . 5 2 3 . 1 3 . . 1 . . . . . . Terminals 20 | . 5 . 5 2 3 . 1 3 . . 1 . . . . . . Assimilate 2 | . . . . . 1 . . 1 . . . . . . . . . Botnet 18 | . 5 . 5 2 2 . 1 2 . . 1 . . . . . . Fabricators . | . . . . . . . . . . . . . . . . . . Repair Stations . | . . . . . . . . . . . . . . . . . . Recycling Units . | . . . . . . . . . . . . . . . . . . Scanalyzers . | . . . . . . . . . . . . . . . . . . Garrison Access . | . . . . . . . . . . . . . . . . . . Data Cores Recovered . | . . . . . . . . . . . . . . . . . . Used . | . . . . . . . . . . . . . . . . . . Hacking Detections 43 | . 7 . 5 8 3 1 1 5 2 . 2 1 2 . 2 1 3 Full Trace Events 7 | . . . 1 1 2 . 1 . . . . . 1 . 1 . . Feedback Events 1 | . . . . . 1 . . . . . . . . . . . . Corruption 1 | . . . . . 1 . . . . . . . . . . . . Feedback Blocked . | . . . . . . . . . . . . . . . . . . Robot Schematics Acquired . | . . . . . . . . . . . . . . . . . . Robots Built . | . . . . . . . . . . . . . . . . . . Matter . | . . . . . . . . . . . . . . . . . . Time . | . . . . . . . . . . . . . . . . . . Total Robot Build Rating . | . . . . . . . . . . . . . . . . . . Part Schematics Acquired 6 | . 1 . 3 . . . . . . . . . . . . . 2 Parts Built 1 | . . . . . . . . . . . . . . . . . 1 Matter 278 | . . . . . . . . . . . . . . . . . 278 Time 46 | . . . . . . . . . . . . . . . . . 46 Total Part Build Rating 9 | . . . . . . . . . . . . . . . . . 9 Parts Repaired 7 | . . . 2 2 . 1 . . . . . . 1 . . 1 . Time 380 | . . . 106 106 . 40 . . . . . . 44 . . 22 62 Parts Recycled . | . . . . . . . . . . . . . . . . . . Recycled Matter . | . . . . . . . . . . . . . . . . . . Retrieved Matter . | . . . . . . . . . . . . . . . . . . Retrieved Components 1 | . . . . 1 . . . . . . . . . . . . . Parts Scanalyzed 2 | . . . . . . . . . . . . . . . . . 2 Part Schematics Acquired 2 | . . . . . . . . . . . . . . . . . 2 Parts Damaged . | . . . . . . . . . . . . . . . . . . Bothacking | -11 -10 -10 -9 -9 -8 -7 -6 -6 -6 -6 -6 -5 -4 -4 -4 -3 -2 ------------ Run | Scr Mat Min Mat Sto Mat Fac Fac Ext Cet Arc Hub Fac Fac Was Fac Res Res Used RIF Installer . | . . . . . . . . . . . . . . . . . . Robots Hacked . | . . . . . . . . . . . . . . . . . . Non-combat . | . . . . . . . . . . . . . . . . . . Combat . | . . . . . . . . . . . . . . . . . . Robot Hacks Applied . | . . . . . . . . . . . . . . . . . . Relay Couplers Released 10 | . . . . 2 . . . . . . 4 . . . 4 . . Machine Destruction 6 | . . . . 2 . . . . . . . . . . 4 . . Programmers 4 | . . . . . . . . . . . 4 . . . . . . Robots Rewired . | . . . . . . . . . . . . . . . . . . Allies Hacked . | . . . . . . . . . . . . . . . . . . Hacks Repelled . | . . . . . . . . . . . . . . . . . . Allies | -11 -10 -10 -9 -9 -8 -7 -6 -6 -6 -6 -6 -5 -4 -4 -4 -3 -2 -------- Run | Scr Mat Min Mat Sto Mat Fac Fac Ext Cet Arc Hub Fac Fac Was Fac Res Res Total Allies 20 | . . . . 11 . . . 9 . . . . . . . . . Largest Group 11 | . . . . 11 3 . . 5 4 . . . . . . . . Highest-Rated Group 269 | . . . . 180 24 . . 269 214 . . . . . . . . Highest-Rated Ally 156 | . . . . 99 8 . . 156 143 . . . . . . . . Total Orders 1 | . . . . . 1 . . . . . . . . . . . . EXPLORE 1 | . . . . . 1 . . . . . . . . . . . . Ally Attacks 188 | . . . . 65 5 . . 85 33 . . . . . . . . Total Damage 3999 | . . . . 1026 43 . . 2418 512 . . . . . . . . Kills 39 | . . . . 13 1 . . 21 4 . . . . . . . . Allies Corrupted . | . . . . . . . . . . . . . . . . . . Allies Melted . | . . . . . . . . . . . . . . . . . . Intel | -11 -10 -10 -9 -9 -8 -7 -6 -6 -6 -6 -6 -5 -4 -4 -4 -3 -2 ------- Run | Scr Mat Min Mat Sto Mat Fac Fac Ext Cet Arc Hub Fac Fac Was Fac Res Res Robot Analysis Total . | . . . . . . . . . . . . . . . . . . Derelict Logs Recovered . | . . . . . . . . . . . . . . . . . . Drone Launches 16 | . . . . 16 . . . . . . . . . . . . . Drone Recoveries 2 | . . . . 2 . . . . . . . . . . . . . Exploration | -11 -10 -10 -9 -9 -8 -7 -6 -6 -6 -6 -6 -5 -4 -4 -4 -3 -2 ------------- Run | Scr Mat Min Mat Sto Mat Fac Fac Ext Cet Arc Hub Fac Fac Was Fac Res Res Turns Passed 11417 | 171 460 729 783 1056 423 728 402 741 351 331 864 201 873 413 471 1013 1407 Spaces Moved 6123 | 102 396 694 394 463 187 369 212 400 187 176 352 121 397 193 221 435 824 Core 225 | 29 . . 1 . . . . . . . 7 . . . . . 188 Treads 4215 | . . . 32 463 187 369 212 398 187 176 211 121 397 193 221 435 613 Legs 127 | . . . . . . . . . . . 127 . . . . . . Wheels 1411 | 73 396 694 241 . . . . . . . 7 . . . . . . Hover . | . . . . . . . . . . . . . . . . . . Flight 145 | . . . 120 . . . . 2 . . . . . . . . 23 Fastest Speed 40 | 50 90 90 85 160 160 157 157 152 155 152 100 155 158 155 158 155 40 Average Speed 138 | 117 90 90 103 160 160 157 158 160 163 158 164 157 159 156 159 159 125 Slowest Speed 820 | 250 100 90 500 180 160 160 159 820 172 160 700 158 160 160 163 178 180 Overloaded Moves . | . . . . . . . . . . . . . . . . . . Propulsion Burnouts . | . . . . . . . . . . . . . . . . . . Robots Hopped . | . . . . . . . . . . . . . . . . . . Cave-ins Triggered 1 | . . . . 1 . . . . . . . . . . . . . Exploration Rate (%) 41 | 3 67 101 26 79 24 10 9 73 59 94 32 4 14 97 7 19 22 Regions Visited 17 Branch Regions 6 Pre-discovered Areas 1 | . . 1 . . . . . . . . . . . . . . . Known Exits Taken 15 | 1 1 1 1 1 1 1 1 1 1 1 1 1 . . 1 1 . Unknown Exits Taken . | . . . . . . . . . . . . . . . . . . Scrap Searched 1 | . . 1 . . . . . . . . . . . . . . . Spaces Dug 4 | . . . . . . . . 1 . . . . . . . 3 . Terrain Destroyed 1126 | . . . . . 2 1 2 2 20 13 75 . 138 138 128 97 510 Melee . | . . . . . . . . . . . . . . . . . . Projectile 38 | . . . . . 2 1 2 2 . . 5 . 2 . . 20 4 AOE 1088 | . . . . . . . . . 20 13 70 . 136 138 128 77 506 Terrain Rammed . | . . . . . . . . . . . . . . . . . . Walls Destroyed . | . . . . . . . . . . . . . . . . . . Machines Disabled . | . . . . . . . . . . . . . . . . . . Actions | -11 -10 -10 -9 -9 -8 -7 -6 -6 -6 -6 -6 -5 -4 -4 -4 -3 -2 --------- Run | Scr Mat Min Mat Sto Mat Fac Fac Ext Cet Arc Hub Fac Fac Was Fac Res Res Total 8021 | 127 460 776 681 704 272 499 267 465 211 207 492 129 549 261 285 592 1044 Wait 845 | . 23 67 214 146 46 98 36 19 6 . 7 . 60 18 . 32 73 Move 6107 | 101 395 693 393 462 186 368 211 399 186 175 351 120 397 192 220 434 824 Hop . | . . . . . . . . . . . . . . . . . . Pick Up 92 | 8 4 . 2 11 5 9 . 1 . 5 6 2 12 4 3 11 9 Fast Attach 114 | 6 1 2 5 10 5 2 1 4 1 2 13 6 7 5 6 16 22 Attach 67 | 1 1 . 7 3 2 2 1 . 1 1 13 . 8 4 8 6 9 Detach 6 | . . . 1 1 . . . . . . . . . . 1 2 1 Swap 39 | . 2 . 1 4 3 1 3 2 1 3 9 . 2 2 1 2 3 Drop 79 | . 2 1 1 12 6 9 3 5 . 5 2 1 7 2 . 11 12 Fire 646 | 11 32 13 53 47 19 10 12 34 16 16 91 . 56 25 46 78 87 Melee 9 | . . . . . . . . . . . . . . 9 . . . Ram 4 | . . . 4 . . . . . . . . . . . . . . Kick . | . . . . . . . . . . . . . . . . . . Crush 6 | . . . . 1 . . . 1 . . . . . . . . 4 Escape Stasis . | . . . . . . . . . . . . . . . . . . Rewire . | . . . . . . . . . . . . . . . . . . Trap . | . . . . . . . . . . . . . . . . . . Miscellaneous 7 | . . . . 7 . . . . . . . . . . . . . Route ------- -11/Scrapyard -10/Materials (discovered 5 exits: *Mat x3 / *Min x2) -10/Mines (discovered 2 exits: *Mat x2) -9/Materials (discovered 2 exits: *Sto x2) -9/Storage -8/Materials -7/Factory -6/Factory -6/Extension (discovered 3 exits: *Fac x2 / *Cet) -6/Cetus (discovered 2 exits: *Fac / *Arc) -6/Archives (discovered 3 exits: *Fac / *Hub x2) -6/Hub_04(d) -5/Factory -4/Factory -4/Waste -4/Factory -3/Research -2/Research History --------- Turn | Location | Event 7 | -11/Scrapyard | Identified exit to Materials 7 | -11/Scrapyard | Discovered exit to Materials (range 16) 172 | -11/Scrapyard | Entered Materials 172 | -10/Materials | Evolved 1 slot: Utility x1 214 | -10/Materials | Identified exit to Mines 214 | -10/Materials | Identified exit to Materials 310 | -10/Materials | Build established: Hacker-Mutant 632 | -10/Materials | Entered Mines 955 | -10/Mines | Discovered exit to Materials (range 7) 1184 | -10/Mines | Discovered exit to Materials (range 6) 1199 | -10/Mines | Learned location of Storage (-9) 1268 | -10/Mines | Found a damaged Exp. Sensor Array with a note attached 1271 | -10/Mines | Found Prototype Device 1271 | -10/Mines | Identified Exp. Sensor Array 1361 | -10/Mines | Entered Materials 1361 | -9/Materials | Evolved 2 slots: Propulsion x2 1413 | -9/Materials | Repaired Wheel 1619 | -9/Materials | Lost 3 parts (2n1w) 1619 | -9/Materials | Identified exit to Storage 1619 | -9/Materials | Discovered exit to Storage (range 5) 1896 | -9/Materials | Repaired Exp. Sensor Array 2097 | -9/Materials | Discovered exit to Storage (range 8) 2144 | -9/Materials | Entered Storage 2328 | -9/Storage | Garrison activated, responded to threat 2403 | -9/Storage | Destroyed 10 combat bots 2615 | -9/Storage | Met 01-MTF 2766 | -9/Storage | Garrison activated, responded to threat 2870 | -9/Storage | Repaired Exp. Sensor Array 2925 | -9/Storage | Assisted by bots powering up and referring to "LRC-V3" 3001 | -9/Storage | Repaired Sml. Storage Unit 3047 | -9/Storage | Crushed by falling debris 3173 | -9/Storage | Identified exit to Materials 3173 | -9/Storage | Discovered exit to Materials (range 7) 3200 | -9/Storage | Entered Materials 3200 | -8/Materials | Accompanied by 13 allies (01-MTF) 3200 | -8/Materials | Evolved 2 slots: Propulsion x1, Utility x1 3205 | -8/Materials | 01-MTF left 3494 | -8/Materials | Build established: Scavenger-Mutant 3561 | -8/Materials | Identified exit to Factory 3561 | -8/Materials | Discovered exit to Factory (range 10) 3623 | -8/Materials | Entered Factory 3623 | -7/Factory | Evolved 2 slots: Utility x2 3806 | -7/Factory | Repaired Exp. Sensor Array 4283 | -7/Factory | Identified exit to Factory 4283 | -7/Factory | Discovered exit to Factory (range 13) 4351 | -7/Factory | Entered another Factory area 4351 | -6/Factory | Evolved 2 slots: Power x1, Utility x1 4704 | -6/Factory | Build established: Hacker-Mutant 4741 | -6/Factory | Identified exit to Extension 4741 | -6/Factory | Discovered exit to Extension (range 10) 4753 | -6/Factory | Entered Extension 4879 | -6/Extension | Identified exit to Factory 4891 | -6/Extension | Rescued a captive Derelict 4944 | -6/Extension | Rescued a captive Derelict 4945 | -6/Extension | Rescued a captive Derelict 5049 | -6/Extension | Rescued a captive Derelict 5051 | -6/Extension | Rescued a captive Derelict 5074 | -6/Extension | Rescued A7 5106 | -6/Extension | Spotted B-75 Beast 5118 | -6/Extension | Spotted B-75 Beast 5125 | -6/Extension | Destroyed B-75 Beast 5142 | -6/Extension | Destroyed B-75 Beast 5263 | -6/Extension | Rescued a captive Derelict 5313 | -6/Extension | Rescued a captive Derelict 5314 | -6/Extension | Rescued a captive Derelict 5478 | -6/Extension | Identified exit to Cetus 5478 | -6/Extension | Discovered exit to Cetus (range 6) 5494 | -6/Extension | Entered Cetus 5494 | -6/Cetus | Accompanied by 4 allies (A7) 5499 | -6/Cetus | Acquired a Cetus Manufacturing Module code from A7 5517 | -6/Cetus | Spotted Cetus Guard 5517 | -6/Cetus | Spotted Cetus Guard 5520 | -6/Cetus | Spotted Cetus Guard 5523 | -6/Cetus | Allies destroyed Cetus Guard 5528 | -6/Cetus | Destroyed Cetus Guard 5528 | -6/Cetus | Spotted Cetus Guard 5529 | -6/Cetus | Destroyed Cetus Guard 5530 | -6/Cetus | Destroyed Cetus Guard 5601 | -6/Cetus | Discovered exit to Factory (range 16) 5668 | -6/Cetus | Cetus Manufacturing Module disabled 5732 | -6/Cetus | Failed to start Cetus Manufacturing Module 5766 | -6/Cetus | Extracted ID and sensor layout for unrecognized location from A7's data core 5801 | -6/Cetus | Identified exit to Archives 5801 | -6/Cetus | Discovered exit to Archives (range 15) 5845 | -6/Cetus | Entered Archives 5934 | -6/Archives | Identified exit to Hub_04(d) 5934 | -6/Archives | Discovered exit to Hub_04(d) (range 16) 5955 | -6/Archives | Discovered exit to Factory (range 14) 6003 | -6/Archives | Discovered exit to Hub_04(d) (range 16) 6176 | -6/Archives | Entered Hub_04(d) 6211 | -6/Hub_04(d) | Discovered exit to Factory (range 14) 6280 | -6/Hub_04(d) | Spotted B-75 Beast 6322 | -6/Hub_04(d) | Destroyed B-75 Beast 6346 | -6/Hub_04(d) | Lost 3 parts (1p2u) 6447 | -6/Hub_04(d) | Garrison activated, responded to threat 6541 | -6/Hub_04(d) | Lost 7 parts (1p1n2u3w) 6551 | -6/Hub_04(d) | Build established: Scavenger-Mutant 6580 | -6/Hub_04(d) | Core integrity fell below 50% 6587 | -6/Hub_04(d) | Garrison activated, responded to threat 6688 | -6/Hub_04(d) | Lost 13 parts (2p7n3u1w) 6974 | -6/Hub_04(d) | Lost 5 parts (1p2n1u1w) 7040 | -6/Hub_04(d) | Entered Factory 7040 | -5/Factory | Evolved 2 slots: Utility x1, Weapon x1 7217 | -5/Factory | Identified exit to Factory 7217 | -5/Factory | Discovered exit to Factory (range 15) 7241 | -5/Factory | Entered another Factory area 7241 | -4/Factory | Evolved 2 slots: Propulsion x1, Utility x1 7366 | -4/Factory | Repaired Hvy. Laser 7596 | -4/Factory | Build established: Hauler-Mutant 8022 | -4/Factory | Lost 3 parts (1p1u1w) 8114 | -4/Factory | Sucked down chute 8114 | -4/Factory | Entered Waste 8129 | -4/Waste | EMP discharged 8130 | -4/Waste | Spotted C-40 Crusher 8138 | -4/Waste | Destroyed C-40 Crusher 8167 | -4/Waste | Spotted C-40 Crusher 8167 | -4/Waste | Spotted C-40 Crusher 8175 | -4/Waste | Destroyed C-40 Crusher 8175 | -4/Waste | Destroyed C-40 Crusher 8181 | -4/Waste | Spotted C-40 Crusher 8185 | -4/Waste | Spotted C-40 Crusher 8199 | -4/Waste | Destroyed C-40 Crusher 8222 | -4/Waste | Crushed by Compactor (1 part destroyed, 1 dropped) 8225 | -4/Waste | Crushed by Compactor (1 part destroyed) 8229 | -4/Waste | EMP discharged 8239 | -4/Waste | Crushed by Compactor (0 parts destroyed, 1 dropped) 8242 | -4/Waste | Crushed by Compactor (1 part destroyed, 2 dropped) 8267 | -4/Waste | Crushed by Compactor (0 parts destroyed, 2 dropped) 8270 | -4/Waste | Crushed by Compactor (1 part destroyed, 1 dropped) 8279 | -4/Waste | Destroyed C-40 Crusher 8304 | -4/Waste | Lost 5 parts (1p1n3u) 8326 | -4/Waste | Spotted C-40 Crusher 8329 | -4/Waste | EMP discharged 8329 | -4/Waste | System corruption reached 10% 8336 | -4/Waste | Destroyed C-40 Crusher 8429 | -4/Waste | EMP discharged 8481 | -4/Waste | Identified exit to Factory 8481 | -4/Waste | Discovered exit to Factory (range 13) 8527 | -4/Waste | Entered Factory 8549 | -4/Factory | Build established: Hacker-Mutant 8776 | -4/Factory | Spotted B-86 Titan 8832 | -4/Factory | Destroyed B-86 Titan 8854 | -4/Factory | Lost 7 parts (1p1n2u3w) 8987 | -4/Factory | Identified exit to Research 8987 | -4/Factory | Discovered exit to Research (range 7) 8998 | -4/Factory | Entered Research 8998 | -3/Research | Evolved 2 slots: Utility x2 9140 | -3/Research | Found Fusion Bomb Launcher 9172 | -3/Research | Found Fusion Bomb Launcher 9226 | -3/Research | Repaired Gauss Rifle 9989 | -3/Research | Identified exit to Research 9989 | -3/Research | Discovered exit to Research (range 15) 10011 | -3/Research | Entered another Research area 10011 | -2/Research | Evolved 2 slots: Propulsion x1, Weapon x1 10233 | -2/Research | Found Prototype Processor 10233 | -2/Research | Identified Exp. Signal Interpreter 10660 | -2/Research | Spotted B-90 Cyclops 10688 | -2/Research | Destroyed B-90 Cyclops 10704 | -2/Research | System corruption reached 10% 10740 | -2/Research | Lost 6 parts (1p2u3w) 10761 | -2/Research | First assault squad dispatched 10803 | -2/Research | Lost 3 parts (1n2u) 11174 | -2/Research | Spotted B-90 Cyclops 11219 | -2/Research | System corruption reached 30% 11238 | -2/Research | Found Prototype Protection 11238 | -2/Research | Identified Centrium Heavy Armor Plating 11285 | -2/Research | Found Prototype Device 11285 | -2/Research | Identified Beam Splitter 11314 | -2/Research | Released all parts (6) 11334 | -2/Research | Core integrity fell below 50% 11344 | -2/Research | Lost 14 parts (1p4n5u4w) 11357 | -2/Research | Core integrity fell below 20% 11387 | -2/Research | Fabricated Centrium Leg? 11418 | -2/Research | Destroyed by P-80 Master with Gamma Rifle Last Messages --------------- 11354_ U-05 Engineer lays Concrete. 11358_ P-80 Master resets G-73 Enforcer, system corruption cleaned. 11360_ System corrupted: Matter fused (-10). 11375_ LLP7#,AWARYPY9UHR9:I 11380_ Acquired 83 matter. 11384_ Acquired Impulse Thruster. 11387_ >> FABRICATOR: Completed Centrium Leg? 11388_ U-05 Engineer lays Concrete. 11389_ Acquired 100 matter. 11391_ W-44 Eye distress signal alerts nearby ally. 11391_ Slug penetrates Wall. 11393_ UP8BW#UWJOZP4LHR9EMI 11394_ Penetrated by Slug. 11394_ Impulse Thruster destroyed. 11395_ Slug penetrates Wall. 11411_ System corrupted: Energy discharge (-21). 11413_ Slug penetrates Wall. 11413_ Acquired 85 matter. 11416_ Penetrated by Slug. [Achievement: Tester] Map ----- +----------------------------------------------------+ | ?????????????????????????????????????????????????? | | ?????????????????????????????????????????????????? | | ?????????????????????????????????????????????????? | | ?????????????????????????????????????????????????? | | ?????????????????????????????????????????????????? | | ?????????????????????????????????????????????????? | | ?????????????????????????????????????????????????? | | ?????????????????????????????????????????????????? | | ?????????????????????????????????????????????????? | | ?????????????????????????????????????????????????? | | ######?????????????????? ?????????????????????? | | #?????????????????? ????????????????????? | | #????????????????? ????????????????????? | | #?????????????????" ????????????????????? | | #?????????????????" ????????????????????? | | ! #????????????????? #????????????????????? | | #???????????? ?? #????????????????????? | | #+####???????????? #????????????????????? | | #########?????? # ??????????????????? | | %#[ = #????? # "?????????????????? | | # #???# + "?????????????????? | | + #???# # """???????????????? | | # #???# # # # """???????????????? | | # #??? %## # # ????????????????? | | #########???# % # ## # ????????????????? | | ############## # #@ w# ##???????????????? | | ##%# h # ##??????????????? | | % # # # # #??????????????? | | # # # #??????????###??? | | ##########+####### # # #?????????##*#### | | #??# # # # # #???#######!= # | | #??# % ## # % # #???# #!= # | | #??# # # ########## # !! # | | #??# # # + !! # | | #??# ####p ### # ! # | | #??# / h #?# ! # # | | #??###################+#########?## ## # | | #???????????? ?????????# ###+#### | | #???????????? ?????????# #?# #??? | | #???????????? ?????????# #?# #??? | | ?????????????? " ?????????# #?# #??? | | ?????????????? "" ????????# #?# #??? | | ? ?????????????? """ ????????# ### ##?? | | ??????????????????? ? ???????# #?? | | ??????????????????? ? ???????# #?? | | ???????????????????#?##+########??????# ### | | ??????????????????????????????????????###### # | | ???????????????????????????????????????????# # | | ???????????????????????????????????????????+ # | | ???????????????????????????????????????????# + | +----------------------------------------------------+ Best States ------------- Heat Dissipation 106 Energy Generation 53 Energy Capacity 580 Matter Stores 300 Matter Capacity 300 Sight Range 16 Robot Scan Range 30 Terrain Scan Range 16 Terrain Scan Density 10 Corruption Prevention 20 Armor Coverage 600 Resistance: KI 35 Resistance: TH 35 Resistance: EX 85 Resistance: EM 35 Resistance: I 35 Resistance: S 35 Resistance: P 35 Power Shielding 66 Propulsion Shielding 33 Utility Shielding 66 Point Defense Rating 160 Phase Shifting 10 Evasion (%) 62 Melee Accuracy 8 Target Analysis 8 Armor Integrity Analysis 50 Recoil Reduction 7 Offensive Hacking 20 Defensive Hacking 10 Item Schematics ----------------- Med. Storage Unit | -10/Materials | Hacked VTOL Module | -9/Materials | Hacked Propulsion Shielding | -9/Materials | Hacked Imp. Treads | -9/Materials | Hacked Nova Cannon | -2/Research | Scanalyzed Fusion Bomb Launcher | -2/Research | Scanalyzed Robot Schematics ------------------ None Fabricated ------------ Centrium Leg | x1 | -2/Research | Preloaded Alien Tech Used ----------------- None Achievements -------------- Giant Slayer Overkill Prison Break Project G-00 Tester Challenges ------------ None Game ------ Seed DamperDefenseApparatus Manual? 0 Play Time 01:59:52 Cumulative 50.2 hours Start 2020.10.14 @ 18:56:04 End 2020.10.14 @ 20:58:46 Sessions 1 Manual Loads 0 Difficulty Explorer Special Mode None Game No. 35 Rogue 3 Adventurer 11 Explorer 21 Win Type - Total 2 Types 2/0/0/0/0/0/0/0/0 Lore% 31 Gallery% 50 Achievement% 41 Wizard Run 0 Options --------- ASCII 0 Keyboard 0 Movement Mouse Keybinds 0 Fullscreen 1 Font 18/Terminus Map View 76x50 Tactical HUD 1 Map Filters NONE Filters NONE Steam 1 RUN: f142543d-5524-47f0-9949-58fc8a79c29d